 Dungeon Crawl Stone Soup version 0.31-a0-1002-g8e65716e6e (webtiles) character file.

Game seed: 953419806032549552

285 Avanven the Ruffian (level 5, -21/35 (39) HPs)
             Began as a Demigod Shapeshifter on Nov 10, 2023.
             Killed by an exploding gnoll (28 damage)
             ... ignited by their inner flame
             ... on level 6 of the Dungeon.
             The game lasted 00:12:45 (4006 turns).

Avanven the Ruffian (Demigod Shapeshifter)          Turns: 4006, Time: 00:12:46

HP:   -21/35 (39)   AC:  4    Str: 19    XL:     5   Next: 79%
MP:   7/7           EV: 11    Int: 12    God:
Gold: 206           SH:  0    Dex: 13    Spells: 4/4 levels left

rFire   . .          .
                       - Unarmed
rCold   . . .        (no shield)
rNeg    . . .        k - +1 leather armour
rPois   .            (helmet currently unavailable)
rElec   .            (cloak currently unavailable)
rCorr   .            (gloves currently unavailable)
SInv    .            (boots currently unavailable)
Will    .....        (no amulet)
Stlth   +            (no ring)
HPRegen 0.25/turn    (no ring)
MPRegen 0.10/turn

%: no passive effects
@: beast-form, heavily drained
A: beast (slay +2), high MP 1, forlorn, divine attributes
a: Begin Untransformation


You were on level 6 of the Dungeon.
You were a hulking beast.
You visited 1 branch of the dungeon, and saw 6 of its levels.

You collected 206 gold pieces.

Inventory:

Hand Weapons
 h - the +4 shortbow "Sarcophage" {flame, rN+ Str+3 Dex+6}
   (You found it on level 2 of the Dungeon)

   Str+3:     It affects your strength (+3).
   Dex+6:     It affects your dexterity (+6).
   rN+:       It protects you from negative energy.
 r - a +3 short sword of electrocution
Armour
 a - a +0 animal skin
 k - a +1 leather armour (worn)
Talismans
 c - a beast talisman (active)
 d - a flux talisman
 l - a beast talisman (active)
Scrolls
 o - 2 scrolls of enchant weapon
Potions
 b - a potion of lignification
 e - 2 potions of curing
 f - a potion of ambrosia {unknown}
 g - a potion of attraction {unknown}
 j - 2 potions of brilliance {unknown}
 q - a potion of mutation {unknown}


   Skills:
 - Level 0.8 Fighting
 - Level 1.7 Dodging
 * Level 5.1 Unarmed Combat
 + Level 4.1 Shapeshifting


You had 4 spell levels left.
You didn't know any spells.
Your spell library contained the following spells:

 Spells                   Type           Power      Damage    Failure   Level
 Call Canine Familiar     Summ           0%         N/A       75%         3
 Sigil of Binding         Hex            0%         N/A       75%         3
 Summon Guardian Golem    Hex/Summ       0%         N/A       75%         3
 Dimensional Bullseye     Hex/Tloc       0%         N/A       98%         4
 Leda's Liquefaction      Hex/Erth       0%         N/A       98%         4
 Vhi's Electric Charge    Tloc/Air       0%         N/A       98%         4
 Arcjolt                  Conj/Air       0%         1d10      100%        5
 Plasma Beam              Fire/Air       0%         2x1d10    100%        6
 Orb of Destruction       Conj           0%         9d5       100%        7
 Spellforged Servitor     Conj/Summ      0%         N/A       100%        7


Dungeon Overview and Level Annotations

Branches:
Dungeon (7/15)
 Temple: D:4-7

Shops:
D:3 [   D:6 :


Innate Abilities, Weirdness & Mutations

You are a hulking beast.
Your limbs bulge with bestial killing power. (Slay +2)
You have an increased reservoir of magic. (+10% MP)
You shall have no god before yourself.
Your divine heritage dramatically boosts your attributes as you level up.


Message History

As you read the scroll labelled NIH JEQAAH, it crumbles to dust.
It is a scroll of enchant armour.
Your +0 leather armour glows green for a moment.
Your attacks no longer feel as feeble.
As you read the scroll labelled KAFITH YLUPTOS, it crumbles to dust.
You assume a fearsome visage.
The gnoll bouda looks frightened!
The gnoll looks frightened! x2; The iguana looks frightened!
The phantom is unaffected.
It was a scroll of fear.
The phantom hits you.
Cornered, the gnoll turns to fight! x2
Cornered, the gnoll bouda turns to fight!
You miss the phantom.
The phantom is heavily damaged.
The phantom hits you.
You barely miss the phantom.
The phantom is heavily damaged.
The phantom barely misses you.
You completely miss the phantom.
The phantom is heavily damaged.
The phantom closely misses you.
The gnoll bouda barks out a call to the hunt!
The gnolls pick up the pace!
You hit the phantom but do no damage.
The phantom is heavily damaged.
The phantom hits you. The gnoll hits you with a +0 club.
Cornered, the iguana turns to fight!
As you read the scroll of immolation, it crumbles to dust.
The creatures around you are filled with an inner flame!
The gnoll closely misses you. The phantom hits you.
The gnoll completely misses you.
You hit the gnoll.
Flame seeps out of the gnoll.
The gnoll is lightly wounded.
The gnoll closely misses you. The phantom closely misses you.
The gnoll is engulfed in blazing flames.
Flame seeps out of the gnoll.
The gnoll hits you with a +0 club.
* * * LOW HITPOINT WARNING * * *
You punch the gnoll!
The gnoll explodes!
The fiery explosion engulfs the gnoll!!
The fiery explosion engulfs you!!
Ouch! That really hurt!
You die...

#...... ##.....
...J...## #.......#
.∩..)...## ########
.......>.## #....[.#
.#.....#..###...l..#
##..W###.§W#......#
#######g)○h......#
#....g.###......#
#g###### #......#
#.. #......# ...#
#......# ..g#
######## ..#.. # #.
#.


You could see a phantom (inner flame), a gnoll bouda (inner flame), an iguana
(inner flame) and a gnoll (inner flame, swift).

Vanquished Creatures
  3 orc priests (D:3)
  A hound (D:4)
  An orc wizard (D:4)
  Robin (D:3)
  2 gnolls (D:6)
  2 adders
  4 worms
  2 dart slugs
  7 orcs (D:3)
  9 endoplasms
  A giant cockroach (D:4)
  13 goblins
  10 hobgoblins
  4 jackals (D:1)
  3 quokkas
  6 ball pythons
  8 bats
  2 frilled lizards
  7 kobolds
  5 rats
91 creatures vanquished.

Notes
Turn   | Place    | Note
-------+----------+-------------------------------------------
     0 | D:1      | Avanven the Demigod Shapeshifter began the quest for the
                  | Orb.
     0 | D:1      | Reached XP level 1. HP: 15/15 MP: 3/3
    44 | D:1      | Reached skill level 3 in Unarmed Combat
   141 | D:1      | Reached XP level 2. HP: 20/22 MP: 4/4
   938 | D:1      | Reached XP level 3. HP: 23/27 MP: 5/5
  1296 | D:2      | Identified the +4 shortbow "Sarcophage" {flame, rN+ Str+3
                  | Dex+6}
  1867 | D:3      | Found Poraorr's Antique Armour Boutique.
  1923 | D:3      | Reached skill level 4 in Unarmed Combat
  1923 | D:3      | Reached XP level 4. HP: 19/34 MP: 6/6
  2248 | D:3      | Noticed Robin
  2263 | D:3      | Killed Robin
  2938 | D:3      | Reached XP level 5. HP: 20/39 MP: 7/7
  3195 | D:4      | Reached skill level 5 in Unarmed Combat
  3977 | D:4      | You fall into a shaft and drop 3 floors!
  3977 | D:7      | Identified the "Fyfive"
  3981 | D:6      | Found Zowocuf's Book Emporium.
  4006 | D:6      | Killed by an exploding gnoll... ignited by their inner
                  | flame

Illustrated notes

Levels and vault maps discovered:
D:1:      wander_arrival_peaceful_grave, layout_basic, minmay_tree_intersection
D:2:      layout_rooms, minmay_liquid_box, feat_on_display
D:3:      layout_basic, lemuel_tele_altar, serial_shops, shop, uniq_robin
D:4:      layout_layer_cave, nicolae_wu_jian_immortal_techniques
D:6:      layout_rooms, serial_shops, shop,
          minmay_guarded_unrand_staff_of_olgreb
D:7:      minmay_the_grid_triangle_9x9_rhombus_thin
          [minmay_the_grid_triangle_9x9_shrine,
          minmay_the_grid_triangle_9x9_prize_schism,
          minmay_the_grid_triangle_9x9_descending_squares,
          minmay_the_grid_triangle_9x9_pentomino_pain], layout_rooms,
          kennysheep_mini_moat, lemuel_crystal_altar, enter_bailey_2,
          uniq_jeremiah

Skill      XL: |  1  2  3  4  5 |
---------------+----------------+-----
Unarmed Combat | 3 4 5 |  5.1
Shapeshifting  | 3 4 |  4.1
Fighting       | |  0.8
Dodging        | |  1.7

Action                     |  1- 3 |  4- 6 || total
---------------------------+-------+-------++-------
  Melee: Unarmed           |   140 |   156 ||   296
         Punch             |     2 |     3 ||     5
Ability: Begin Untransform |     1 |       ||     1
    Use: Scroll            |     3 |     6 ||     9
         Potion            |     1 |       ||     1
 Armour: Animal skin       |    79 |       ||    79
         Leather armour    |       |    98 ||    98
  Dodge: Dodged            |    89 |    79 ||   168
   Form: Beast             |     1 |       ||     1

Table legend: (Time is in decaauts)
 A = Elapsed time spent in this place.
 B = Non-inter-level travel time spent in this place.
 C = Inter-level travel time spent in this place.
 D = Time resting spent in this place.
 E = Time spent auto-exploring this place.
 F = Levels seen in this place.
 G = Mean time per level.
                   A        B        C        D        E       F      G
               +--------+--------+--------+--------+--------+-----+--------+
         Total |   3987 |   3860 |    127 |    776 |   2227 |   6 |  664.5 |
       Dungeon |   3987 |   3860 |    127 |    776 |   2227 |   6 |  664.5 |
               +--------+--------+--------+--------+--------+-----+--------+

Top non-repeatable levels by time:
     D:3: 1325 daAuts
     D:1: 1280 daAuts
     D:4: 806 daAuts
     D:2: 547 daAuts
     D:6: 23 daAuts
     D:7: 3 daAuts
